TOP OF THE 1ST |
Auburn Tigers batting - Pitching for Kentucky Wildcats : RHP Pedro Flores
|
Pitching: RHP Pedro Flores
|
|
Batting: RHB Bill Petty
|
0-0: Called Strike 0-1: Ball 1-1: Ground out 6-3 (Groundball, 6)
|
Batting: RHB Travis Curtis
|
0-0: Ball 1-0: Ball 2-0: Called Strike 2-1: SINGLE (Line Drive, 7S)
|
Batting: RHB Robert Porter
|
0-0: Ball 1-0: Swinging Strike 1-1: Called Strike 1-2: Strikes out looking
|
Batting: SHB Bruce MacPherson
|
0-0: Called Strike 0-1: Ball 1-1: Ground out 1-3 (Groundball, 15S)
|
Top of the 1st over - 0 run(s), 1 hit(s), 0 error(s), 1 left on base; Auburn 0 - Kentucky 0 |
BOTTOM OF THE 1ST |
Kentucky Wildcats batting - Pitching for Auburn Tigers : RHP Luis Osón
|
Pitching: RHP Luis Osón
|
|
Batting: RHB Lewis Childress
|
0-0: Called Strike 0-1: Foul Ball, location: 2F 0-2: Ball 1-2: Foul Ball, location: 2F 1-2: Hit by Pitch
|
Batting: RHB Haywood Young
|
0-0: Called Strike 0-1: Ball 1-1: Swinging Strike 1-2: Strikes out looking
|
Batting: LHB Mark Sanders
|
0-0: Called Strike 0-1: Ball 1-1: Foul Ball, location: 2F 1-2: Fly out, F5 (Popup, 56)
|
Batting: RHB Pat Johnston
|
0-0: Ball 1-0: Ball 2-0: Ball 3-0: Called Strike 3-1: Base on Balls Lewis Childress to second
|
Batting: LHB Caden Cleveland
|
0-0: Called Strike 0-1: Fielders Choice at 2nd, 4-6 (Groundball, 4)
|
Bottom of the 1st over - 0 run(s), 0 hit(s), 0 error(s), 1 left on base; Auburn 0 - Kentucky 0 |
TOP OF THE 2ND |
Auburn Tigers batting - Pitching for Kentucky Wildcats : RHP Pedro Flores
|
Batting: LHB Matt Kennedy
|
0-0: Called Strike 0-1: Foul Ball, location: 2F 0-2: Ball 1-2: Strikes out swinging
|
Batting: RHB Patrick Stewart
|
0-0: SINGLE (Groundball, 6D)
|
Batting: LHB Glenn Woollams
|
0-0: Called Strike 0-1: Fielders Choice at 2nd, 1-6 (Groundball, 13)
|
Batting: SHB Andrew Johnson
|
0-0: Ball 1-0: Fly out, F8 (Flyball, 78S)
|
Top of the 2nd over - 0 run(s), 1 hit(s), 0 error(s), 1 left on base; Auburn 0 - Kentucky 0 |
BOTTOM OF THE 2ND |
Kentucky Wildcats batting - Pitching for Auburn Tigers : RHP Luis Osón
|
Batting: RHB Jacob Burke
|
0-0: Called Strike 0-1: Ball 1-1: Foul Ball, location: 2F 1-2: Fly out, F9 (Flyball, 9LSF)
|
Batting: LHB Matt Taylor
|
0-0: Swinging Strike 0-1: Swinging Strike 0-2: Foul Ball, location: 2F 0-2: Ball 1-2: Fly out, F7 (Flyball, 7LS)
|
Batting: RHB Andy Johnston
|
0-0: Ball 1-0: Foul Ball, location: 2F 1-1: Ball 2-1: Fly out, F8 (Flyball, 8LM)
|
Bottom of the 2nd over - 0 run(s), 0 hit(s), 0 error(s), 0 left on base; Auburn 0 - Kentucky 0 |
TOP OF THE 3RD |
Auburn Tigers batting - Pitching for Kentucky Wildcats : RHP Pedro Flores
|
Batting: RHB Mike Farley
|
0-0: Ball 1-0: Swinging Strike 1-1: Foul Ball, location: 2F 1-2: Strikes out looking
|
Batting: RHB Bill Petty
|
0-0: Hit by Pitch
|
Batting: RHB Travis Curtis
|
0-0: Foul Ball, location: 2F 0-1: Fielders Choice at 2nd, 6-4 (Groundball, 6M)
|
Batting: RHB Robert Porter
|
0-0: Ball Wild Pitch! Travis Curtis to second 1-0: Ball 2-0: Ground out 5-3 (Groundball, 56S)
|
Top of the 3rd over - 0 run(s), 0 hit(s), 0 error(s), 1 left on base; Auburn 0 - Kentucky 0 |
BOTTOM OF THE 3RD |
Kentucky Wildcats batting - Pitching for Auburn Tigers : RHP Luis Osón
|
Batting: SHB Steve Shaw
|
0-0: Ball 1-0: Fly out, F8 (Flyball, 8LM)
|
Batting: RHB Lewis Childress
|
0-0: Ball 1-0: Swinging Strike 1-1: Called Strike 1-2: Ball 2-2: Foul Ball, location: 2F 2-2: Strikes out swinging
|
Batting: RHB Haywood Young
|
0-0: Called Strike 0-1: Ball 1-1: Foul Ball, location: 2F 1-2: Fly out, F5 (Popup, 56S)
|
Bottom of the 3rd over - 0 run(s), 0 hit(s), 0 error(s), 0 left on base; Auburn 0 - Kentucky 0 |
TOP OF THE 4TH |
Auburn Tigers batting - Pitching for Kentucky Wildcats : RHP Pedro Flores
|
Batting: SHB Bruce MacPherson
|
0-0: Ball 1-0: Foul Ball, location: 2F 1-1: Ball 2-1: Ball 3-1: Base on Balls
|
Batting: LHB Matt Kennedy
|
0-0: Ball 1-0: Ball 2-0: Ball 3-0: Called Strike 3-1: Called Strike 3-2: Ground out 3-1 (Groundball, 34S) Bruce MacPherson to second
|
Batting: RHB Patrick Stewart
|
0-0: Ground out 5-3 (Groundball, 56)
|
Batting: LHB Glenn Woollams
|
0-0: Foul Ball, location: 2F 0-1: Ball 1-1: Swinging Strike 1-2: Strikes out swinging
|
Top of the 4th over - 0 run(s), 0 hit(s), 0 error(s), 1 left on base; Auburn 0 - Kentucky 0 |
BOTTOM OF THE 4TH |
Kentucky Wildcats batting - Pitching for Auburn Tigers : RHP Luis Osón
|
Batting: LHB Mark Sanders
|
0-0: Called Strike 0-1: Called Strike 0-2: Foul Ball, location: 2F 0-2: Ground out 1-3 (Groundball, 13S)
|
Batting: RHB Pat Johnston
|
0-0: Called Strike 0-1: Ground out 6-3 (Groundball, 6)
|
Batting: LHB Caden Cleveland
|
0-0: Ball 1-0: Ball 2-0: Foul Ball, location: 2F 2-1: Foul Ball, location: 2F 2-2: Ball 3-2: Strikes out swinging
|
Bottom of the 4th over - 0 run(s), 0 hit(s), 0 error(s), 0 left on base; Auburn 0 - Kentucky 0 |
TOP OF THE 5TH |
Auburn Tigers batting - Pitching for Kentucky Wildcats : RHP Pedro Flores
|
Batting: SHB Andrew Johnson
|
0-0: Swinging Strike 0-1: SINGLE (Groundball, 56) (infield hit)
|
Batting: RHB Mike Farley
|
0-0: Ball 1-0: Called Strike 1-1: Ball 2-1: Fly out, F6 (Popup, 6)
|
Batting: RHB Bill Petty
|
0-0: Foul Ball, location: 2F 0-1: Called Strike 0-2: Ball 1-2: SINGLE (Line Drive, 8RS) Andrew Johnson to second
|
Batting: RHB Travis Curtis
|
0-0: Foul Ball, location: 2F 0-1: Ball 1-1: Foul Ball, location: 2F 1-2: Ball 2-2: SINGLE (Groundball, 3D) Andrew Johnson to third Bill Petty to second Runner from 3rd tries for Home, SAFE, no throw
|
Batting: RHB Robert Porter
|
0-0: Ball 1-0: Swinging Strike 1-1: Ball 2-1: Foul Ball, location: 2F 2-2: Ball 3-2: Fly out, F5 (Popup, 56)
|
Batting: SHB Bruce MacPherson
|
0-0: Foul Ball, location: 2F 0-1: Ball 1-1: Reached on error, E3 (Groundball, 3D) Bill Petty to third Travis Curtis to second
|
Batting: LHB Matt Kennedy
|
0-0: Ball 1-0: Ball 2-0: SINGLE (Groundball, 34D) Bill Petty scores Travis Curtis to third Bruce MacPherson to second Runner from 3rd tries for Home, SAFE, no throw
|
Batting: RHB Patrick Stewart
|
0-0: Ball 1-0: Called Strike 1-1: Ball 2-1: Ball 3-1: Foul Ball, location: 2F 3-2: Strikes out swinging
|
Top of the 5th over - 3 run(s), 4 hit(s), 1 error(s), 2 left on base; Auburn 3 - Kentucky 0 |
BOTTOM OF THE 5TH |
Kentucky Wildcats batting - Pitching for Auburn Tigers : RHP Luis Osón
|
Batting: RHB Jacob Burke
|
0-0: Fly out, F8 (Flyball, 8RM)
|
Batting: LHB Matt Taylor
|
0-0: Ground out 4-3 (Groundball, 34D)
|
Batting: RHB Andy Johnston
|
0-0: Ball 1-0: Called Strike 1-1: Called Strike 1-2: Ball 2-2: Ball 3-2: Base on Balls
|
Batting: SHB Steve Shaw
|
0-0: Called Strike 0-1: Ball 1-1: Ball 2-1: Foul Ball, location: 2F 2-2: Foul Ball, location: 2F 2-2: Foul Ball, location: 2F 2-2: Ball 3-2: Foul Ball, location: 2F 3-2: Foul Ball, location: 2F 3-2: Strikes out swinging
|
Bottom of the 5th over - 0 run(s), 0 hit(s), 0 error(s), 1 left on base; Auburn 3 - Kentucky 0 |
TOP OF THE 6TH |
Auburn Tigers batting - Pitching for Kentucky Wildcats : RHP Pedro Flores
|
Pitching: RHP Luis Vela
|
|
Batting: LHB Glenn Woollams
|
0-0: Ball 1-0: Ball 2-0: Ball 3-0: Base on Balls
|
Batting: SHB Andrew Johnson
|
0-0: Ball 1-0: Called Strike 1-1: Fly out, F9 (Flyball, 89D)
|
Batting: RHB Mike Farley
|
0-0: Ball 1-0: Ball 2-0: Swinging Strike 2-1: Foul Ball, location: 2F 2-2: Ball 3-2: Foul Ball, location: 2F 3-2: Strikes out looking Glenn Woollams steals 2nd base Batter strikes out.
|
Batting: RHB Bill Petty
|
0-0: Foul Ball, location: 2F 0-1: Called Strike 0-2: Ball 1-2: Ball Wild Pitch! Glenn Woollams to third 2-2: Foul Ball, location: 2F 2-2: Foul Ball, location: 2F 2-2: Ball 3-2: Foul Ball, location: 2F 3-2: Base on Balls
|
Batting: RHB Travis Curtis
|
0-0: Called Strike 0-1: Ball 1-1: Ball 2-1: Ball 3-1: Base on Balls Bill Petty to second
|
Batting: RHB Robert Porter
|
0-0: Fly out, F9 (Flyball, 9S)
|
Top of the 6th over - 0 run(s), 0 hit(s), 0 error(s), 3 left on base; Auburn 3 - Kentucky 0 |
BOTTOM OF THE 6TH |
Kentucky Wildcats batting - Pitching for Auburn Tigers : RHP Luis Osón
|
Batting: RHB Lewis Childress
|
0-0: Bunt missed! 0-1: Ball 1-1: Ground out 6-3 (Groundball, 6)
|
Batting: RHB Haywood Young
|
0-0: Ball 1-0: Fly out, F8 (Line Drive, 8RS)
|
Batting: LHB Mark Sanders
|
0-0: Ground out 6-3 (Groundball, 6)
|
Bottom of the 6th over - 0 run(s), 0 hit(s), 0 error(s), 0 left on base; Auburn 3 - Kentucky 0 |
TOP OF THE 7TH |
Auburn Tigers batting - Pitching for Kentucky Wildcats : RHP Luis Vela
|
Batting: SHB Bruce MacPherson
|
0-0: Swinging Strike 0-1: Ground out 4-3 (Groundball, 4M)
|
Batting: LHB Matt Kennedy
|
0-0: Called Strike 0-1: Ball 1-1: Foul Ball, location: 2F 1-2: Ground out 4-3 (Groundball, 34)
|
Batting: RHB Patrick Stewart
|
0-0: Called Strike 0-1: Ball 1-1: Foul Ball, location: 2F 1-2: SINGLE (Line Drive, 56D)
|
Batting: LHB Glenn Woollams
|
0-0: Ball 1-0: Ball 2-0: Foul Ball, location: 2F 2-1: Swinging Strike 2-2: Ball 3-2: Strikes out looking
|
Top of the 7th over - 0 run(s), 1 hit(s), 0 error(s), 1 left on base; Auburn 3 - Kentucky 0 |
BOTTOM OF THE 7TH |
Kentucky Wildcats batting - Pitching for Auburn Tigers : RHP Luis Osón
|
Batting: RHB Pat Johnston
|
0-0: Ball 1-0: Ball 2-0: Ball 3-0: Base on Balls
|
Batting: LHB Caden Cleveland
|
0-0: Foul Ball, location: 2F 0-1: Foul Ball, location: 2F 0-2: Strikes out swinging
|
Batting: RHB Jacob Burke
|
0-0: Called Strike 0-1: Ball Pat Johnston is caught stealing 2nd base 1-1: SINGLE (Flyball, 89S)
|
Pitching: LHP Carl Piña
|
|
Batting: LHB Matt Taylor
|
0-0: Called Strike 0-1: Fielders Choice at 2nd, 4-6 (Groundball, 34)
|
Bottom of the 7th over - 0 run(s), 1 hit(s), 0 error(s), 0 left on base; Auburn 3 - Kentucky 0 |
TOP OF THE 8TH |
Auburn Tigers batting - Pitching for Kentucky Wildcats : RHP Luis Vela
|
Batting: SHB Andrew Johnson
|
0-0: Ball 1-0: Ball 2-0: Ball 3-0: Called Strike 3-1: Base on Balls
|
Batting: RHB Mike Farley
|
0-0: Ground out 6-3 (Groundball, 6S) Andrew Johnson to second
|
Batting: RHB Bill Petty
|
0-0: Ball 1-0: Called Strike 1-1: Called Strike 1-2: Foul Ball, location: 2F 1-2: Fly out, F9 (Flyball, 9S)
|
Pitching: RHP Harold Mullen
|
|
Batting: RHB Travis Curtis
|
0-0: Ball 1-0: Foul Ball, location: 2F 1-1: Ball 2-1: Ground out 4-3 (Groundball, 4M)
|
Top of the 8th over - 0 run(s), 0 hit(s), 0 error(s), 1 left on base; Auburn 3 - Kentucky 0 |
BOTTOM OF THE 8TH |
Kentucky Wildcats batting - Pitching for Auburn Tigers : LHP Carl Piña
|
Pitching: RHP Chris Wright
|
|
Batting: RHB Andy Johnston
|
0-0: Ball 1-0: Swinging Strike 1-1: Foul Ball, location: 2F 1-2: Strikes out swinging
|
Batting: SHB Steve Shaw
|
0-0: Called Strike 0-1: Ball 1-1: Called Strike 1-2: Reached on error, E4 (Groundball, 4)
|
Batting: RHB Lewis Childress
|
0-0: Foul Ball, location: 2F 0-1: Ball 1-1: Foul Ball, location: 2F 1-2: Foul Ball, location: 2F 1-2: SINGLE (Flyball, 9LS) Steve Shaw to second Runner from 2nd tries for 3rd, SAFE, throw made to third
|
Batting: RHB Haywood Young
|
0-0: Grounds into double play, 6-4-3 (Groundball, 6)
|
Bottom of the 8th over - 0 run(s), 1 hit(s), 1 error(s), 1 left on base; Auburn 3 - Kentucky 0 |
|
|
TOP OF THE 9TH |
Auburn Tigers batting - Pitching for Kentucky Wildcats : RHP Harold Mullen
|
Batting: RHB Robert Porter
|
0-0: Called Strike 0-1: Foul Ball, location: 2F 0-2: Strikes out swinging
|
Batting: SHB Bruce MacPherson
|
0-0: Ball 1-0: Ball 2-0: Ball 3-0: Called Strike 3-1: Foul Ball, location: 2F 3-2: SOLO HOME RUN (Flyball, 9D), Distance : 369 ft
|
Batting: LHB Matt Kennedy
|
0-0: Swinging Strike 0-1: Ball 1-1: Called Strike 1-2: Foul Ball, location: 2F 1-2: Strikes out looking
|
Batting: RHB Patrick Stewart
|
0-0: Ball 1-0: Called Strike 1-1: Swinging Strike 1-2: Ball 2-2: Ball 3-2: Strikes out swinging
|
Top of the 9th over - 1 run(s), 1 hit(s), 0 error(s), 0 left on base; Auburn 4 - Kentucky 0 |
BOTTOM OF THE 9TH |
Kentucky Wildcats batting - Pitching for Auburn Tigers : RHP Chris Wright
|
Batting: LHB Mark Sanders
|
0-0: Foul Ball, location: 2F 0-1: Ball 1-1: Called Strike 1-2: Ball 2-2: Ground out 6-3 (Groundball, 6)
|
Batting: RHB Pat Johnston
|
0-0: Ball 1-0: Foul Ball, location: 2F 1-1: Ball 2-1: Called Strike 2-2: Foul Ball, location: 2F 2-2: Strikes out swinging
|
Batting: LHB Caden Cleveland
|
0-0: Ball 1-0: Foul Ball, location: 2F 1-1: SINGLE (Groundball, 4MD)
|
Batting: RHB Jacob Burke
|
0-0: Called Strike 0-1: Ball 1-1: Called Strike 1-2: Ball 2-2: Fly out, F7 (Flyball, 78S)
|
Bottom of the 9th over - 0 run(s), 1 hit(s), 0 error(s), 1 left on base; Auburn 4 - Kentucky 0 |
|
Tuesday, August 8th, 2017 - OOTP Baseball 17.12 Build 75
|
|